TOP OF THE 1ST |
Xavier Musketeers batting - Pitching for Oklahoma State Cowboys : RHP Ron Owen
|
Pitching: RHP Ron Owen
|
|
Batting: SHB Rick Hinton
|
0-0: Ground out U3 (Groundball, 3)
|
Batting: SHB Jorge Tamayo
|
0-0: Ball 1-0: Fly out, F7 (Flyball, 7S)
|
Batting: RHB Ryan Lyon
|
0-0: Called Strike 0-1: Swinging Strike 0-2: Strikes out swinging
|
Top of the 1st over - 0 run(s), 0 hit(s), 0 error(s), 0 left on base; Xavier 0 - Oklahoma State 0 |
BOTTOM OF THE 1ST |
Oklahoma State Cowboys batting - Pitching for Xavier Musketeers : LHP Michael Thornton
|
Pitching: LHP Michael Thornton
|
|
Batting: LHB Bill Bryan
|
0-0: Ball 1-0: Ball 2-0: Ball 3-0: Base on Balls
|
Batting: RHB Joe Sulley
|
0-0: Ball 1-0: Ball 2-0: Called Strike Bill Bryan steals 2nd base 2-1: Fly out, F7 (Flyball, 78M)
|
Batting: RHB John Lynch
|
0-0: Ball 1-0: Ball 2-0: SINGLE (Groundball, 56D) Bill Bryan to third
|
Batting: RHB Augusto Padilla
|
0-0: Ball 1-0: Fly out, F8 (Flyball, 89M) Runner from 3rd tags up, SCORES, no throw
|
Batting: LHB Cristián Rodríguez
|
0-0: Called Strike 0-1: Fly out, F5 (Popup, 5D)
|
Bottom of the 1st over - 1 run(s), 1 hit(s), 0 error(s), 1 left on base; Xavier 0 - Oklahoma State 1 |
TOP OF THE 2ND |
Xavier Musketeers batting - Pitching for Oklahoma State Cowboys : RHP Ron Owen
|
Batting: LHB Roberto Barrón
|
0-0: Ground out 6-3 (Groundball, 6)
|
Batting: RHB Ty Adams
|
0-0: Swinging Strike 0-1: Ball 1-1: Ball 2-1: Fly out, F6 (Popup, 6MD)
|
Batting: LHB Paul Valentine
|
0-0: Swinging Strike 0-1: Called Strike 0-2: Fly out, F9 (Line Drive, 9M)
|
Top of the 2nd over - 0 run(s), 0 hit(s), 0 error(s), 0 left on base; Xavier 0 - Oklahoma State 1 |
BOTTOM OF THE 2ND |
Oklahoma State Cowboys batting - Pitching for Xavier Musketeers : LHP Michael Thornton
|
Batting: RHB Ryan Williams
|
0-0: Ball 1-0: SINGLE (Groundball, 23) (infield hit)
|
Batting: SHB Ernest Hood
|
0-0: SINGLE (Groundball, 34D) Ryan Williams to second Runner from 2nd tries for 3rd, OUT! Ernest Hood to second
|
Batting: LHB Horace Kramer
|
0-0: Ball 1-0: Foul Ball, location: 2F 1-1: Fly out, F8 (Line Drive, 8RM)
|
Batting: LHB César Colón
|
0-0: Foul Ball, location: 2F 0-1: Fly out, F2 (Popup, 23)
|
Bottom of the 2nd over - 0 run(s), 2 hit(s), 0 error(s), 1 left on base; Xavier 0 - Oklahoma State 1 |
TOP OF THE 3RD |
Xavier Musketeers batting - Pitching for Oklahoma State Cowboys : RHP Ron Owen
|
Batting: RHB Tucker Cantrell
|
0-0: Foul Ball, location: 2F 0-1: Ball 1-1: Fly out, F5 (Popup, 15S)
|
Batting: RHB John Brown
|
0-0: SOLO HOME RUN (Flyball, 7D), Distance : 343 ft
|
Batting: SHB Ray Reid
|
0-0: Ball 1-0: Ball 2-0: Ball 3-0: Base on Balls
|
Batting: SHB Rick Hinton
|
0-0: Ball 1-0: Ball 2-0: Called Strike 2-1: Swinging Strike 2-2: Strikes out swinging
|
Batting: SHB Jorge Tamayo
|
0-0: Ball 1-0: Ball 2-0: Ball Ray Reid steals 2nd base 3-0: Base on Balls
|
Batting: RHB Ryan Lyon
|
0-0: Reached on Error, E9 (Flyball, 9M) Ray Reid scores Jorge Tamayo to third
|
Batting: LHB Roberto Barrón
|
0-0: Ball 1-0: Called Strike 1-1: Fly out, F7 (Flyball, 78M)
|
Top of the 3rd over - 2 run(s), 1 hit(s), 1 error(s), 2 left on base; Xavier 2 - Oklahoma State 1 |
BOTTOM OF THE 3RD |
Oklahoma State Cowboys batting - Pitching for Xavier Musketeers : LHP Michael Thornton
|
Batting: LHB Bill Bryan
|
0-0: Ball 1-0: SINGLE (Groundball, 15S) (infield hit)
|
Batting: RHB Joe Sulley
|
0-0: Ball Bill Bryan steals 2nd base 1-0: SINGLE (Groundball, 6MD) Bill Bryan to third
|
Batting: RHB John Lynch
|
0-0: Ball 1-0: Ball 2-0: Ball 3-0: Called Strike 3-1: Base on Balls Joe Sulley to second
|
Batting: RHB Augusto Padilla
|
0-0: Ball 1-0: Grounds into double play, 4-6-3 (Groundball, 4) Bill Bryan scores Joe Sulley to third
|
Batting: LHB Cristián Rodríguez
|
0-0: Fly out, F7 (Flyball, 78M)
|
Bottom of the 3rd over - 1 run(s), 2 hit(s), 0 error(s), 1 left on base; Xavier 2 - Oklahoma State 2 |
TOP OF THE 4TH |
Xavier Musketeers batting - Pitching for Oklahoma State Cowboys : RHP Ron Owen
|
Batting: RHB Ty Adams
|
0-0: Ball 1-0: Ball 2-0: Ball 3-0: Called Strike 3-1: Fly out, F8 (Flyball, 8LM)
|
Batting: LHB Paul Valentine
|
0-0: Ball 1-0: Ball 2-0: Ball 3-0: Called Strike 3-1: Swinging Strike 3-2: Ground out 4-3 (Groundball, 4)
|
Batting: RHB Tucker Cantrell
|
0-0: Called Strike 0-1: Foul Ball, location: 2F 0-2: Strikes out swinging
|
Top of the 4th over - 0 run(s), 0 hit(s), 0 error(s), 0 left on base; Xavier 2 - Oklahoma State 2 |
BOTTOM OF THE 4TH |
Oklahoma State Cowboys batting - Pitching for Xavier Musketeers : LHP Michael Thornton
|
Batting: RHB Ryan Williams
|
0-0: Ball 1-0: Ball 2-0: Swinging Strike 2-1: Called Strike 2-2: Ball 3-2: Strikes out swinging
|
Batting: SHB Ernest Hood
|
0-0: Foul Ball, location: 2F 0-1: Ball 1-1: SINGLE (Line Drive, 8LS)
|
Batting: LHB Horace Kramer
|
0-0: Ball Ernest Hood is caught stealing 2nd base 1-0: Foul Ball, location: 2F 1-1: Fly out, F7 (Popup, 5D)
|
Bottom of the 4th over - 0 run(s), 1 hit(s), 0 error(s), 0 left on base; Xavier 2 - Oklahoma State 2 |
TOP OF THE 5TH |
Xavier Musketeers batting - Pitching for Oklahoma State Cowboys : RHP Ron Owen
|
Batting: RHB John Brown
|
0-0: Ball 1-0: Ground out 6-3 (Groundball, 6)
|
Batting: SHB Ray Reid
|
0-0: SOLO HOME RUN (Flyball, 9D), Distance : 366 ft
|
Batting: SHB Rick Hinton
|
0-0: Ball 1-0: Ball 2-0: Foul Ball, location: 2F 2-1: Ball 3-1: Called Strike 3-2: Base on Balls
|
Batting: SHB Jorge Tamayo
|
0-0: SINGLE (Groundball, 6M) Rick Hinton to second
|
Batting: RHB Ryan Lyon
|
0-0: Called Strike 0-1: Ball 1-1: Ground out 6-3 (Groundball, 4M) Rick Hinton to third Jorge Tamayo to second
|
Batting: LHB Roberto Barrón
|
0-0: Swinging Strike 0-1: Fly out, F8 (Flyball, 8LM)
|
Top of the 5th over - 1 run(s), 2 hit(s), 0 error(s), 2 left on base; Xavier 3 - Oklahoma State 2 |
BOTTOM OF THE 5TH |
Oklahoma State Cowboys batting - Pitching for Xavier Musketeers : LHP Michael Thornton
|
Batting: LHB César Colón
|
0-0: Ball 1-0: Called Strike 1-1: Swinging Strike 1-2: Foul Ball, location: 2F 1-2: Fly out, F9 (Flyball, 89M)
|
Batting: LHB Bill Bryan
|
0-0: Ball 1-0: Foul Ball, location: 2F 1-1: Swinging Strike 1-2: Strikes out swinging
|
Batting: RHB Joe Sulley
|
0-0: Ball 1-0: Swinging Strike 1-1: Foul Ball, location: 2F 1-2: Strikes out swinging
|
Bottom of the 5th over - 0 run(s), 0 hit(s), 0 error(s), 0 left on base; Xavier 3 - Oklahoma State 2 |
TOP OF THE 6TH |
Xavier Musketeers batting - Pitching for Oklahoma State Cowboys : RHP Ron Owen
|
Batting: RHB Ty Adams
|
0-0: Foul Ball, location: 2F 0-1: Ball 1-1: Called Strike 1-2: SINGLE (Line Drive, 6D)
|
Batting: LHB Paul Valentine
|
Pickoff Throw to First - Out! 0-0: SOLO HOME RUN (Flyball, 9D), Distance : 342 ft
|
Batting: RHB Tucker Cantrell
|
0-0: Ball 1-0: Foul Ball, location: 2F 1-1: Ball 2-1: Ground out 5-3 (Groundball, 56)
|
Batting: RHB John Brown
|
0-0: Called Strike 0-1: SINGLE (Flyball, 9LS)
|
Batting: SHB Ray Reid
|
0-0: Called Strike 0-1: Fly out, F8 (Flyball, 8LM)
|
Top of the 6th over - 1 run(s), 3 hit(s), 0 error(s), 1 left on base; Xavier 4 - Oklahoma State 2 |
BOTTOM OF THE 6TH |
Oklahoma State Cowboys batting - Pitching for Xavier Musketeers : LHP Michael Thornton
|
Batting: RHB John Lynch
|
0-0: Ball 1-0: Called Strike 1-1: Foul Ball, location: 2F 1-2: Strikes out looking
|
Batting: RHB Augusto Padilla
|
0-0: Ball 1-0: SINGLE (Flyball, 9LS)
|
Batting: LHB Cristián Rodríguez
|
0-0: Ball 1-0: Foul Ball, location: 2F 1-1: Foul Ball, location: 2F 1-2: Ball 2-2: 2-RUN HOME RUN (Flyball, 9LD), Distance : 326 ft
|
Batting: RHB Ryan Williams
|
0-0: Ball 1-0: Called Strike 1-1: Ball 2-1: Fly out, F9 (Flyball, 89XD)
|
Batting: SHB Ernest Hood
|
0-0: Ball 1-0: Called Strike 1-1: Fly out, F5 (Line Drive, 5)
|
Bottom of the 6th over - 2 run(s), 2 hit(s), 0 error(s), 0 left on base; Xavier 4 - Oklahoma State 4 |
TOP OF THE 7TH |
Xavier Musketeers batting - Pitching for Oklahoma State Cowboys : RHP Ron Owen
|
Batting: SHB Rick Hinton
|
0-0: Ball 1-0: Ground out 6-3 (Groundball, 6M)
|
Batting: SHB Jorge Tamayo
|
0-0: Called Strike 0-1: SINGLE (Line Drive, 9LS)
|
Pitching: RHP Kevin Godfrey
|
|
Batting: RHB Ryan Lyon
|
0-0: Fielders Choice at 2nd, 5-4 (Groundball, 5L)
|
Batting: LHB Roberto Barrón
|
0-0: Ball 1-0: Ground out 4-3 (Groundball, 4MS)
|
Top of the 7th over - 0 run(s), 1 hit(s), 0 error(s), 1 left on base; Xavier 4 - Oklahoma State 4 |
BOTTOM OF THE 7TH |
Oklahoma State Cowboys batting - Pitching for Xavier Musketeers : LHP Michael Thornton
|
Batting: LHB Horace Kramer
|
0-0: Ball 1-0: Fly out, F7 (Line Drive, 7S)
|
Pitching: RHP Victor Miller
|
|
Batting: LHB César Colón
|
0-0: Ball 1-0: Ball 2-0: Called Strike 2-1: SINGLE (Groundball, 4MD)
|
Batting: LHB Bill Bryan
|
0-0: Ball 1-0: Grounds into double play, 3-6-3 (Groundball, 3)
|
Bottom of the 7th over - 0 run(s), 1 hit(s), 0 error(s), 0 left on base; Xavier 4 - Oklahoma State 4 |
TOP OF THE 8TH |
Xavier Musketeers batting - Pitching for Oklahoma State Cowboys : RHP Kevin Godfrey
|
Batting: RHB Ty Adams
|
0-0: Swinging Strike 0-1: Called Strike 0-2: Ball 1-2: Ball 2-2: Foul Ball, location: 2F 2-2: SINGLE (Groundball, 34)
|
Batting: LHB Paul Valentine
|
0-0: Ball 1-0: Foul Ball, location: 2F 1-1: Ball 2-1: Foul Ball, location: 2F 2-2: 2-RUN HOME RUN (Flyball, 89XD), Distance : 390 ft
|
Batting: RHB Tucker Cantrell
|
0-0: Ball 1-0: Ball 2-0: Ball 3-0: Called Strike 3-1: Base on Balls
|
Batting: RHB John Brown
|
0-0: Bunted foul 0-1: Sac Bunt - play at first, batter OUT! 5-4 Tucker Cantrell to second
|
Batting: SHB Ray Reid
|
0-0: Foul Ball, location: 2F 0-1: Ball 1-1: Called Strike 1-2: Ball 2-2: Strikes out swinging
|
Batting: SHB Rick Hinton
|
0-0: Swinging Strike 0-1: Fly out, F6 (Popup, 6M)
|
Top of the 8th over - 2 run(s), 2 hit(s), 0 error(s), 1 left on base; Xavier 6 - Oklahoma State 4 |
BOTTOM OF THE 8TH |
Oklahoma State Cowboys batting - Pitching for Xavier Musketeers : RHP Victor Miller
|
Batting: RHB Joe Sulley
|
0-0: Foul Ball, location: 2F 0-1: Ball 1-1: Swinging Strike 1-2: Fly out, F7 (Flyball, 78M)
|
Batting: RHB John Lynch
|
0-0: Ball 1-0: Ball 2-0: Ball 3-0: Base on Balls
|
Batting: RHB Augusto Padilla
|
0-0: Ball 1-0: Called Strike 1-1: Called Strike 1-2: Strikes out swinging
|
Batting: LHB Cristián Rodríguez
|
0-0: Called Strike 0-1: Ball 1-1: Called Strike 1-2: Ball 2-2: Foul Ball, location: 2F 2-2: Fly out, F6 (Popup, 4MD)
|
Bottom of the 8th over - 0 run(s), 0 hit(s), 0 error(s), 1 left on base; Xavier 6 - Oklahoma State 4 |
TOP OF THE 9TH |
Xavier Musketeers batting - Pitching for Oklahoma State Cowboys : RHP Kevin Godfrey
|
Batting: SHB Jorge Tamayo
|
0-0: DOUBLE (Line Drive, 9LM)
|
Batting: RHB Ryan Lyon
|
0-0: Ball 1-0: Ball 2-0: Swinging Strike 2-1: Called Strike 2-2: Foul Ball, location: 2F 2-2: Ball 3-2: Strikes out swinging
|
Pitching: LHP Dave Lewis
|
|
Batting: LHB Roberto Barrón
|
0-0: Fly out, F5 (Popup, 15S)
|
Batting: RHB Ty Adams
|
0-0: Foul Ball, location: 2F 0-1: Foul Ball, location: 2F 0-2: Strikes out swinging
|
Top of the 9th over - 0 run(s), 1 hit(s), 0 error(s), 1 left on base; Xavier 6 - Oklahoma State 4 |
BOTTOM OF THE 9TH |
Oklahoma State Cowboys batting - Pitching for Xavier Musketeers : RHP Victor Miller
|
Pitching: RHP Ricardo Gutiérrez
|
|
Batting: RHB Ryan Williams
|
0-0: Ball 1-0: Foul Ball, location: 2F 1-1: Ball 2-1: Ball 3-1: Foul Ball, location: 2F 3-2: Base on Balls
|
Batting: SHB Ernest Hood
|
0-0: Fly out, F5 (Popup, 56)
|
Batting: LHB Horace Kramer
|
0-0: Called Strike 0-1: Ground out U3 (Groundball, 3S) Ryan Williams to second
|
Batting: LHB César Colón
|
0-0: Ball 1-0: Foul Ball, location: 2F 1-1: Ball 2-1: Ground out U3 (Groundball, 3S)
|
Bottom of the 9th over - 0 run(s), 0 hit(s), 0 error(s), 1 left on base; Xavier 6 - Oklahoma State 4 |
|